 Dungeon Sprint DCSS version 0.26-a0-61-g6c07f0ee8d (webtiles) character file.

Game seed: 11040258584195605759

8182 Apogee the Spry (level 11, -2/65 HPs)
             Began as a Spriggan Assassin on June 9, 2020.
             Was a High Priest of Dithmenos.
             Slain by a shadow wraith (4 damage)
             ... summoned by a mummy priest
             ... in the Dungeon (Sprint I: "Red Sonja") on June 10, 2020.
             The game lasted 00:17:26 (3123 turns).

Apogee the Spry (Spriggan Assassin)                 Turns: 3123, Time: 00:17:27

Health: -2/65      AC:  2    Str:  7    XL:     11   Next: 6%
Magic:  3/12       EV: 34    Int: 14    God:    Dithmenos [*****.]
Gold:   869        SH:  0    Dex: 20    Spells: 10/10 levels left

rFire    . . .     SeeInvis +   s - +2 dagger (elec)
rCold    . . .     Gourm    .   (shield restricted)
rNeg     + + +     Faith    .   b - +0 robe
rPois    ∞         Spirit   .   (helmet restricted)
rElec    .         Reflect  .   r - scarf {+Inv}
rCorr    .         Harm     .   (gloves unavailable)
MR       +++++     NoTele   +   (boots unavailable)
Stlth    ++++++++++             (no amulet)
HPRegen  0.20/turn              (no ring)
MPRegen  0.13/turn              (no ring)

@: shadow-form, wreathed by umbra, lightly drained, invisible, very quick
A: very small, unfitting armour, see invisible, herbivore, speed 3, slow
metabolism 2
a: End Transformation, Shadow Step, Shadow Form, Renounce Religion, Evoke
Invisibility


You were in the Dungeon.
You worshipped Dithmenos.
Dithmenos was extremely pleased with you.
You were not hungry.
You were a swirling mass of dark shadows.
You visited 1 branch You collected 1037 gold pieces.
You spent 168 gold pieces at shops.

Inventory:

Hand Weapons
 a - a +2 dagger
 n - a +2 short sword of venom
 s - a +2 dagger of electrocution (weapon)
Missiles
 d - 5 poisoned darts (quivered)
 e - 11 curare-tipped darts
Armour
 b - a +0 robe (worn)
 c - a +0 cloak
 r - a scarf of invisibility (worn)
Potions
 g - 4 potions of curing
 h - a potion of heal wounds
 j - 2 potions of magic
 k - a potion of berserk rage {!q}
Comestibles
 f - a ration


   Skills:
 * Level 11.5(11.1) Fighting
 - Level 12.6(12.2) Short Blades
 - Level 9.7(9.4) Throwing
 - Level 18.3(17.9) Dodging
 - Level 17.9(17.4) Stealth


You had 10 spell levels left.
You didn't know any spells.
Your spell library contained the following spells:

 Spells                   Type           Power        Failure   Level  Hunger
 Corona                   Hex            #......      28%         1    ##.....
 Ensorcelled Hibernation  Hex/Ice        #.....       41%         2    ###....
 Confusing Touch          Hex            #.......     65%         3    ####...
 Dazzling Flash           Conj/Hex       #.....       65%         3    ####...
 Tukima's Dance           Hex            #.......     65%         3    ####...


Dungeon Overview and Level Annotations

Branches:
Dungeon (1/1)

Altars:
Cheibriados
Dithmenos
Elyvilon
Fedhas
Gozag
Hepliaklqana
Kikubaaqudgha
Makhleb
Nemelex Xobeh
Okawaru
Qazlal
Ru
Sif Muna
Trog
Uskayaw
Vehumet
Wu Jian
Xom
Yredelemnul
Zin
The Shining One
Jiyva
Lugonu

Shops:
D [([

Annotations:
D exclusion: oklob plant, Lernaean hydra


Innate Abilities, Weirdness & Mutations

You are very small and have problems with some larger weapons.
You are too small for most types of armour.
You have supernaturally acute eyesight. (SInv)
You are a herbivore.
You cover ground extremely quickly.
You need to consume almost no food.


Message History

The shadow wraith completely misses you.
The flayed ghost completely misses you.
You hit the flayed ghost but do no damage.
The flayed ghost is heavily damaged.
You catch the helpless flayed ghost completely off-guard!
You impale the flayed ghost!!
You destroy the flayed ghost!
The shadow wraith completely misses you.
You hit the flying skull but do no damage.
Your shadow hits the flying skull but does no damage.
The flying skull hits you but does no damage.
You hit the flying skull but do no damage.
Your shadow misses the flying skull. The shadow wraith closely misses you.
You hit the flying skull but do no damage.
The flying skull misses you.
You strike the helpless flying skull from behind!
You impale the flying skull!!
The flying skull is almost destroyed.
The shadow wraith hits you!
You die...

####+#.##W##
###....#.#≈≈≈##
#...####
#≈n≈≈##
..CC.(.###
#≈≈≈≈≈#
.C.#####
####≈≈≈≈#≈≈≈ .
#§§#§≈≈≈'≈≈D
#§$y##≈≈#≈≈≈
#..Wz######'
#..§W# ######


You could see a shadow wraith (summoned, invisible), a hornet and a flying skull
(summoned).

Vanquished Creatures
  A hydra (D)
  Sonja (D)
  A deep troll (D)
  5 unseen horrors (D)
  A lindwurm (D)
  A merfolk siren (D)
  2 kobold demonologists (D)
  A slime creature (D)
  Sigmund (D)
  A yak (D)
  13 hogs (D)
  2 floating eyes (D)
  An ogre (D)
  A jelly (D)
  Ijyb (D)
  A ballistomycete spore (D)
34 creatures vanquished.

Vanquished Creatures (others)
  A merfolk siren (D)
  2 gargoyles (D)
  3 hornets (D)
  A ballistomycete spore (D)
7 creatures vanquished.

Grand Total: 41 creatures vanquished

Notes
Turn   | Place    | Note
-------+----------+-------------------------------------------
     0 | D        | Apogee the Spriggan Assassin began the quest for the Orb.
     0 | D        | Reached XP level 1. HP: 10/10 MP: 2/2
     1 | D        | Noticed Ijyb
     4 | D        | Killed Ijyb
     4 | D        | Reached skill level 5 in Short Blades
     4 | D        | Reached XP level 2. HP: 14/14 MP: 3/3
     6 | D        | Noticed an ogre
     9 | D        | Killed an ogre
     9 | D        | Reached skill level 10 in Stealth
     9 | D        | Reached XP level 3. HP: 18/18 MP: 4/4
     9 | D        | Reached XP level 4. HP: 22/22 MP: 5/5
    18 | D        | Noticed Sigmund
    42 | D        | Killed Sigmund
    42 | D        | Reached XP level 5. HP: 12/25 MP: 6/6
   214 | D        | Found a burning altar of Makhleb.
   214 | D        | Found a viscous altar of Jiyva.
   214 | D        | Found a shimmering altar of Xom.
   214 | D        | Found a corrupted altar of Lugonu.
   214 | D        | Noticed a slime creature
   217 | D        | Killed a slime creature
   217 | D        | Reached XP level 6. HP: 30/30 MP: 7/7
   223 | D        | Found an ornate altar of the Wu Jian Council.
   223 | D        | Found a shimmering blue altar of Sif Muna.
   225 | D        | Found a radiant altar of Vehumet.
   229 | D        | Reached skill level 2 in Dodging
   253 | D        | Found Zany's Weapon Emporium.
   253 | D        | Found an ancient bone altar of Kikubaaqudgha.
   253 | D        | Found a hazy altar of Hepliaklqana.
   253 | D        | Found a hide-covered altar of Uskayaw.
   253 | D        | Found a basalt altar of Yredelemnul.
   253 | D        | Found an opulent altar of Gozag.
   253 | D        | Found a snail-covered altar of Cheibriados.
   253 | D        | Found a sacrificial altar of Ru.
   253 | D        | Found a shadowy altar of Dithmenos.
   253 | D        | Noticed a yak
   254 | D        | Found a stormy altar of Qazlal.
   254 | D        | Found a blossoming altar of Fedhas.
   254 | D        | Found a bloodstained altar of Trog.
   254 | D        | Found an iron altar of Okawaru.
   254 | D        | Found a glowing silver altar of Zin.
   301 | D        | Killed a yak
   301 | D        | Reached skill level 6 in Dodging
   301 | D        | Reached XP level 7. HP: 33/33 MP: 8/8
   327 | D        | Found a glowing golden altar of the Shining One.
   327 | D        | Found a white marble altar of Elyvilon.
   329 | D        | Found a sparkling altar of Nemelex Xobeh.
   348 | D        | Became a worshipper of Dithmenos the Shadowed
   356 | D        | Noticed Sonja
   360 | D        | Killed Sonja
   360 | D        | Reached skill level 11 in Dodging
   360 | D        | Reached XP level 8. HP: 37/37 MP: 9/9
   376 | D        | Found Keefa's Armour Boutique.
   540 | D        | Killed a hornet
   599 | D        | Killed a hornet
   600 | D        | Killed a hornet
   618 | D        | Noticed a deep troll
   622 | D        | Killed a deep troll
   622 | D        | Reached skill level 13 in Dodging
   632 | D        | Found Iphig's Armour Emporium.
   637 | D        | Bought a scarf of invisibility for 168 gold pieces
   661 | D        | Noticed a centaur warrior
   702 | D        | Noticed a shining eye
   702 | D        | Noticed a shining eye
   702 | D        | Noticed a shining eye
   729 | D        | Noticed a kobold demonologist
   729 | D        | Noticed a kobold demonologist
   771 | D        | Killed a kobold demonologist
   771 | D        | Reached * piety under Dithmenos
   771 | D        | Reached XP level 9. HP: 41/41 MP: 10/10
   787 | D        | Killed a kobold demonologist
   787 | D        | Reached skill level 14 in Dodging
   787 | D        | Reached skill level 15 in Stealth
   789 | D        | Paralysed by a floating eye for 2 turns
   819 | D        | Noticed a demonic crawler
   819 | D        | Noticed a demonic crawler
   819 | D        | Noticed a demonic crawler
   819 | D        | Noticed a demonic crawler
  1195 | D        | Noticed a lindwurm
  1198 | D        | Killed a lindwurm
  1198 | D        | Reached ** piety under Dithmenos
  1198 | D        | Reached skill level 15 in Dodging
  1217 | D        | Reached skill level 16 in Dodging
  1236 | D        | Reached *** piety under Dithmenos
  1251 | D        | Reached skill level 17 in Dodging
  1331 | D        | Killed a merfolk siren
  1453 | D        | Reached **** piety under Dithmenos
  1466 | D        | Reached XP level 10. HP: 47/49 MP: 11/11
  1714 | D        | Reached skill level 5 in Fighting
  1729 | D        | Noticed a 12-headed hydra
  1731 | D        | Killed a 12-headed hydra
  1731 | D        | Reached ***** piety under Dithmenos
  1731 | D        | Reached skill level 18 in Dodging
  1741 | D        | Noticed a merfolk siren
  1741 | D        | Noticed a deep elf annihilator
  1754 | D        | Noticed a daeva
  1757 | D        | Noticed an unseen horror
  1757 | D        | Noticed an unseen horror
  1757 | D        | Noticed an unseen horror
  1758 | D        | Noticed an unseen horror
  1760 | D        | Killed an unseen horror
  1763 | D        | Noticed an unseen horror
  1774 | D        | Killed an unseen horror
  1802 | D        | Killed an unseen horror
  1802 | D        | Reached skill level 10 in Fighting
  1937 | D        | Killed a gargoyle
  1999 | D        | Killed a merfolk siren
  2036 | D        | Killed an unseen horror
  2036 | D        | Reached XP level 11. HP: 53/65 MP: 12/12
  2047 | D        | Killed an unseen horror
  2115 | D        | Noticed a fire giant
  2118 | D        | Noticed a fire giant
  2119 | D        | Noticed a fire giant
  3076 | D        | Noticed a mummy priest
  3077 | D        | Noticed a shadow wraith
  3077 | D        | Noticed an oklob plant
  3082 | D        | Noticed a flayed ghost
  3085 | D        | Noticed the 27-headed Lernaean hydra
  3110 | D        | HP: 3/65 [shadow wraith[a mummy priest] (4)]
  3111 | D        | HP: 1/65 [flying skull[a mummy priest] (2)]
  3123 | D        | Slain by a shadow wraith

Illustrated notes

Levels and vault maps discovered:
D:        dungeon_sprint_1 [red_sonja_temple_1, red_sonja_temple_small_1]

Skill      XL: |  1  2  3  4  5  6  7  8  9 10 |
---------------+-------------------------------+-----
Short Blades   | 5 8 11 12 | 12.6
Stealth        | 7 10 12 13 14 17 | 17.9
Dodging        | 6 11 13 17 18 | 18.3
Throwing       | 4 8 9 |  9.7
Fighting       | 3 11 | 11.5

Action                   |  1- 3 |  4- 6 |  7- 9 | 10-12 || total
-------------------------+-------+-------+-------+-------++-------
Melee: Dagger            |     2 |    10 |    82 |   125 ||   219
Throw: Dart              |       |     8 |    10 |     2 ||    20
Invok: Shadow Form       |       |       |       |     1 ||     1
  Use: Scroll            |       |       |     1 |     4 ||     5
       Potion            |       |       |     1 |       ||     1
 Stab: Sleeping          |     2 |     2 |     6 |     4 ||    14
       Distracted        |       |       |       |     1 ||     1
       Confused          |       |       |       |     1 ||     1
       Invisible         |       |       |       |     3 ||     3
Armor: Robe              |       |     1 |       |     2 ||     3
Dodge: Dodged            |       |       |    64 |   128 ||   192

Table legend:
 A = Non-vault XP
 B = Vault XP
 C = Vault XP percentage of total XP
 D = Non-vault monster count
 E = Vault monster count
 F = Vault count percentage of total count
                 A         B        C        D         E       F
            +---------+---------+-------+---------+---------+-------
      Total |       0 |   11689 | 100.0 |       0 |      33 | 100.0
            +---------+---------+-------+---------+---------+-------
          D |       0 |   11689 | 100.0 |       0 |      33 | 100.0
            +---------+---------+-------+---------+---------+-------
